 Dungeon Crawl Stone Soup version 0.15-a0-1309-g3520d71 (webtiles) character file.

21 Quh the Caller (level 2, 0/15 HPs)
             Began as a Deep Elf Summoner on June 7, 2014.
             Slain by a gnoll
             ... wielding a +2,+2 flail of draining
              (9 damage)
             ... on Level 2 of the Dungeon.
             The game lasted 00:06:24 (1271 turns).

Quh the Caller (Deep Elf Summoner)                  Turns: 1271, Time: 00:06:25

HP   0/15        AC  2     Str  5      XL: 2   Next: 65%
MP   6/8         EV 12     Int 19      God:
Gold 53          SH  0     Dex 15      Spells:  2 memorised,  4 levels left

rFire  . . .     SeeInvis .     q - +0 club
rCold  . . .     Clarity  .     a - +0 robe
rNeg   . . .     rCorr    .     (no shield)
rPois  .         rRot     .     (no helmet)
rElec  .         Spirit   .     (no cloak)
SustAb .         Warding  .     (no gloves)
rMut   .         Stasis   .     (no boots)
Gourm  .                        (no amulet)
MR     .....                    (no ring)
                                d - ring of invisibility

@: drained, not resistant to hostile enchantments, unstealthy
A: no striking features
a: Evoke Invisibility


You were on level 2 of the Dungeon.
You were not hungry.

You visited 1 branch of the dungeon, and saw 2 of its levels.

You collected 53 gold pieces.

Inventory:

Hand weapons
 m - a -2,+0 club
 q - a +0,+0 club (weapon)
Missiles
 k - 16 stones (quivered)
 l - 12 arrows
Armour
 a - a +0 robe (worn)
Comestibles
 c - 2 bread rations
 h - a slice of pizza
 j - a meat ration
 n - a beef jerky
Scrolls
 i - a scroll of remove curse
 p - a scroll of immolation {unknown}
Jewellery
 d - a ring of invisibility (left hand)
Potions
 e - a potion of restore abilities
 g - a potion of invisibility {unknown}
 o - a potion of might {unknown}
Books
 b - a book of Callings

   Spells                             Type                      Level
   *Summon Small Mammal               Summoning                    1
   *Call Imp                          Summoning                    2
   Call Canine Familiar               Summoning                    3
   Summon Guardian Golem              Hexes/Summoning              4
   Summon Lightning Spire             Summoning/Air                4
   Summon Ice Beast                   Ice/Summoning                4


   Skills:
 - Level 2.4(2.1) Dodging
 * Level 3.0(2.8) Stealth
 * Level 3.2(2.9) Spellcasting
 * Level 4.7(4.4) Summonings
 - Level 1.2(0.9) Evocations


You had 4 spell levels left.
You knew the following spells:

 Your Spells              Type           Power        Failure   Level  Hunger
a - Summon Small Mammal   Summ           ###.         2%          1    None
b - Call Imp              Summ           ###.....     4%          2    ##.....


Dungeon Overview and Level Annotations

Branches:
Dungeon (2/15)

Altars:


Message History

Wield which item (- for none, * to show all)? (? for menu, Esc to quit)
q - a +0,+0 club (weapon)
You start resting.
Your white imp disappears in a puff of smoke!
All of the chunks of flesh in your inventory have completely rotted away.
There is a stone staircase leading down here.
There is a stone staircase leading down here.
There is a stone staircase leading down here.
You climb downwards.
An adder comes into view.
The gnoll hits you with a runed flail.
You feel drained. The goblin barely misses you. The gnoll closely misses you.
There is a stone staircase leading up here.
Casting: Call Imp
Confirm with . or Enter, or press ? or * to list all spells.
A beastly little devil appears in a puff of flame.
The goblin misses you.
The gnoll hits you with a flail of draining!
Ouch! That really hurt!
You die...

#########
#......).
#.5......
#.g......#
#@)......#
#gg......#
#......##
#.....!#
###S##.#
.# # ..
..#


You could see 2 gnolls, an adder, a goblin and a friendly crimson imp.

Vanquished Creatures
  2 bats (D:1)
2 creatures vanquished.

Vanquished Creatures (collateral kills)
  A gnoll (D:2)
  2 giant geckos (D:1)
  2 bats (D:1)
  A giant cockroach (D:1)
  5 goblins (D:1)
  2 hobgoblins (D:1)
  2 kobolds (D:1)
  An ooze (D:1)
  2 giant newts (D:1)
  2 rats (D:1)
20 creatures vanquished.

Vanquished Creatures (others)
  A crimson imp (D:2)
  3 bats
  A quokka (D:1)
  3 rats (D:1)
8 creatures vanquished.

Grand Total: 30 creatures vanquished

Notes
Turn   | Place    | Note
--------------------------------------------------------------
     0 | D:1      | Quh, the Deep Elf Summoner, began the quest for the Orb.
     0 | D:1      | Reached XP level 1. HP: 10/10 MP: 5/5
   473 | D:1      | Reached XP level 2. HP: 15/15 MP: 4/8
   479 | D:1      | Reached skill level 1 in Evocations
   512 | D:1      | Learned a level 2 spell: Call Imp
  1271 | D:2      | Slain by a gnoll

Action                   || total
-------------------------++-------
Melee: Unarmed           ||     5
       Club              ||     4
 Cast: Summon Small Mamm ||    36
       Call Imp          ||    12
  Use: Scroll            ||     2
